 Dungeon Sprint DCSS version bcrawl-1.21 (webtiles) character file.

Game seed: 15648259873274741527

6487 Freyura the Cleaver (level 10, -18/86 HPs)
             Began as a Demonspawn Monk on Feb 15, 2020.
             Was a High Priest of Ru.
             Hit by a large rock thrown by a stone giant (22 damage)
             ... in the Dungeon (Sprint V: "Ziggurat Sprint").
             The game lasted 00:19:28 (864 turns).

Freyura the Cleaver (Demonspawn Monk)                Turns: 864, Time: 00:19:28

Health: -18/86     AC: 26    Str: 17    XL:     10   Next: 68%
Magic:  0/17       EV: 21    Int: 14    God:    Ru [*****.]
Gold:   0          SH:  0    Dex: 24    Spells: 9/9 levels left

rFire    . . .     SeeInvis .   b - +5 executioner's axe
rCold    . . .     Gourm    .   (shield currently unavailable)
rNeg     . . .     Faith    .   a - +9 shadow dragon scales
rPois    +         Spirit   +   c - +0 hat
rElec    .         Reflect  .   (no cloak)
rCorr    .         Harm     .   (no gloves)
MR       ++...     NoTele   +   (no boots)
Stlth    ..........             d - amulet of guardian spirit
HPRegen  0.24/turn              x - ring of Huemein {+Inv MR++ Int+3}
MPRegen  0.15/turn              P - ring of poison resistance

@: mighty, agile, no scrolls
A: antennae 2, powered by death 1, spiny 2, inability to read while threatened,
no stealth, hated by all, no fire magic, no hexes magic, no translocations
magic, disrupted magic 1, sturdy frame 1
a: Draw Out Power, Power Leap, Apocalypse, Renounce Religion, Evoke Invisibility


You were in the Dungeon.
You worshipped Ru.
Ru was extremely pleased with you.
You were not hungry.

You visited 1 branch

Inventory:

Hand Weapons
 b - a +5 executioner's axe (weapon)
 G - the +5 battleaxe of Xiahiko {chop, Str+4}
   (You found it in the Dungeon)

   It inflicts extra damage upon your enemies.
   It affects your strength (+4).
 N - the +4 battleaxe of Awkwardness {protect, +Fly rElec MR+ Dex-4}
   (You found it in the Dungeon)

   It grants its wielder temporary protection when it strikes (+7 to AC).
   It affects your dexterity (-4).
   It insulates you from electricity.
   It affects your resistance to hostile enchantments.
   It lets you fly.
Missiles
 L - a throwing net (quivered) {!f}
Armour
 a - +9 shadow dragon scales (worn)
 c - a +0 hat (worn)
 O - a +1 cloak of invisibility
 Q - the +2 leather armour of Tartarus {rElec rC+++ Int-2 Slay+2}
   (You found it in the Dungeon)

   It affects your intelligence (-2).
   It affects your accuracy and damage with ranged weapons and melee attacks
   (+2).
   It renders you almost immune to cold.
   It insulates you from electricity.
Jewellery
 d - an amulet of guardian spirit (around neck)
 t - a cursed ring of wizardry
 x - the ring of Huemein (left hand) {+Inv MR++ Int+3}
   (You found it in the Dungeon)

   [ring of intelligence]

   It affects your intelligence (+3).
   It affects your resistance to hostile enchantments.
   It lets you turn invisible.
 z - a +6 ring of dexterity
 A - a +6 ring of dexterity
 B - a +6 ring of intelligence
 C - a +6 ring of intelligence
 D - a +6 ring of strength
 E - a +6 ring of strength
 H - an uncursed ring of protection from fire
 K - an uncursed ring of resist corrosion
 P - a ring of poison resistance (right hand)
 R - an uncursed ring of wizardry
Wands
 w - a wand of disintegration (7)
 y - a wand of acid (5)
Scrolls
 k - 4 scrolls of blinking
 l - 4 scrolls of amnesia
 m - 7 scrolls of fog
 n - 5 scrolls of identify
 o - 5 scrolls of remove curse
 p - 2 scrolls of fear
 J - 2 scrolls of silence
Potions
 f - 8 potions of curing
 g - 6 potions of heal wounds
 h - 6 potions of haste
 i - 7 potions of magic
 j - 3 potions of berserk rage
 q - 2 potions of brilliance
 r - 2 potions of invisibility
 s - 4 potions of resistance
 u - 2 potions of agility
 v - 3 potions of might
Miscellaneous
 F - a lightning rod (4/4)
 I - a lamp of fire
 M - a lightning rod (4/4)
Comestibles
 e - 8 rations {!d}


   Skills:
 + Level 10.4 Fighting
 * Level 12.8 Axes
 * Level 12.5 Armour
 + Level 9.6 Dodging
   Level 2.6 Invocations
 + Level 9.9 Evocations


You had 9 spell levels left.
You didn't know any spells.
Your spell library contained the following spells:

 Spells                   Type           Power        Failure   Level  Hunger
 Sandblast                Erth           #.....       86%         1    ##.....
 Corpse Rot               Necr           N/A          95%         2    ###....
 Swiftness                Chrm/Air       #.......     95%         2    ###....
 Mephitic Cloud           Conj/Pois/Air  #.......     99%         3    ####...
 Stone Arrow              Conj/Erth      #.....       99%         3    ####...
 Vampiric Draining        Necr           #.........   99%         3    ####...
 Iskenderun's Battlesphe  Conj/Chrm      #.......     100%        5    ######.
 Piercing Shot            Chrm           #.........   100%        5    ######.
 Iron Shot                Conj/Erth      #.........   100%        6    #######
 Necromutation            Tmut/Necr      #.......     100%        8    #######
 Flaming Arrows           Chrm/Fire      Unusable     N/A         2    N/A
 Bolt of Magma            Conj/Fire/Erth Unusable     N/A         5    N/A
 Steam Barrier            Chrm/Fire      Unusable     N/A         6    N/A

Dungeon Overview and Level Annotations

Branches:
Dungeon (1/1)

Altars:
Ashenzari
Cheibriados
Dithmenos
Elyvilon
Fedhas
Gozag
Hepliaklqana
Kikubaaqudgha
Lugonu
Makhleb
Nemelex Xobeh
Okawaru
Qazlal
Ru
Sif Muna
Trog
Uskayaw
Vehumet
Wu Jian
Xom
Yredelemnul
Zin
The Shining One
Beogh
Jiyva

Annotations:
D 1 transporter


Innate Abilities, Weirdness & Mutations

You have a pair of antennae on your head.
You regenerate a little health from kills.
You are mostly covered in sharp spines.
You cannot read scrolls while threatened.
You cannot be stealthy.
You are hated by all.
You cannot study or cast Fire magic.
You cannot study or cast Hexes magic.
You cannot study or cast Translocations magic.
Your casting is slightly disrupted.
Your movements are slightly less encumbered by armour. (ER -2)


Message History

The stone giant throws a large rock.
The large rock hits you!!!
* * * LOW HITPOINT WARNING * * *
The iron golem hits you.
* * * LOW HITPOINT WARNING * * *
The iron golem is struck by your spines.
The iron golem completely misses you.
You hit the iron golem but do no damage.
The iron golem is moderately damaged.
You slash the iron golem! x3; The stone giant throws a large rock.
The large rock completely misses you.
The iron golem hits you but does no damage.
The iron golem is struck by your spines.
The iron golem closely misses you.
The stone giant is stunned by your will and fails to attack.
The iron golem hits you.
* * * LOW HITPOINT WARNING * * *
The iron golem hits you!
* * * LOW HITPOINT WARNING * * *
The stone giant throws a large rock.
The large rock hits you!!
You die...

▓....©....▓...©...▓
▓▓▓▓▓▓▓▓▓▓▓▓▓▓▓▓▓▓▓▓▓
▓...8©8...▓...8©8...▓
▓..))}::..▓....}:)..▓
▓..:|)[)..▓...:[.|..▓
▓.........▓.........▓
▓..8CC....▓.........▓
▓..C888E..▓.....)...▓
▓....@8...▓.......).▓
▓.....8...▓.......)[▓
▓.▓.....▓.▓....©..).▓
▓....©....▓▓▓▓▓▓▓▓▓▓▓
▓▓▓▓▓▓▓▓▓▓▓


{{{{{{{{ {{{{{{{{{ {{{{{{{{ You could see 6 iron golems, 3 stone giants and an
earth elemental.

Vanquished Creatures
  Erolcha (D)
  Erica (D)
  A cyclops (D)
  A yaktaur (D)
  8 merfolk (D)
  A hippogriff (D)
  A redback (D)
  Sigmund (D)
  4 tarantellas (D)
  Edmund (D)
  2 water moccasins (D)
  2 porcupines (D)
  Duvessa (D)
  An orc warrior (D)
  3 necrophages (D)
  2 centaurs (D)
  Blork the orc (D)
  Dowan (D)
  3 scorpions (D)
  4 orc priests (D)
  Crazy Yiuf (D)
  2 orc wizards (D)
  2 iguanas (D)
  An adder (D)
  2 orcs (D)
  2 ball pythons (D)
  A giant cockroach zombie (D)
  A jackal skeleton (D)
  A jackal zombie (D)
53 creatures vanquished.

Vanquished Creatures (others)
  A spatial maelstrom (D)
  Jessica (D)
2 creatures vanquished.

Grand Total: 55 creatures vanquished

Notes
Turn   | Place    | Note
-------+----------+-------------------------------------------
     0 | D        | Freyura the Demonspawn Monk began the quest for the Orb.
     0 | D        | Reached XP level 1. HP: 18/18 MP: 2/2
    10 | D        | Found a blossoming altar of Fedhas.
    10 | D        | Banished a spatial maelstrom
    11 | D        | Found the +6 Majin-Bo {vamp, *Drain Str+12 Int+24}
    11 | D        | Found the +7 great mace "Firestarter" {inner flame, rF++}
    11 | D        | Found a viscous altar of Jiyva.
    11 | D        | Found a hazy altar of Hepliaklqana.
    11 | D        | Found a transporter.
    11 | D        | Found an opulent altar of Gozag.
    11 | D        | Found an ancient bone altar of Kikubaaqudgha.
    11 | D        | Found a corrupted altar of Lugonu.
    15 | D        | Found a burning altar of Makhleb.
    16 | D        | Found a sacrificial altar of Ru.
    16 | D        | Found a stormy altar of Qazlal.
    16 | D        | Found a shimmering blue altar of Sif Muna.
    16 | D        | Found an iron altar of Okawaru.
    16 | D        | Found a bloodstained altar of Trog.
    16 | D        | Found a sparkling altar of Nemelex Xobeh.
    37 | D        | Became a worshipper of Ru the Awakened
    39 | D        | Gained mutation: You are partially covered in sharp spines.
                  | [demonic ancestry]
    39 | D        | Reached XP level 2. HP: 25/25 MP: 4/4
    46 | D        | Gained mutation: You are hated by all. [Ru sacrifice]
    46 | D        | Reached * piety under Ru
    76 | D        | Entered arena 2.
    76 | D        | Found a transporter.
    79 | D        | Reached XP level 3. HP: 29/31 MP: 3/5
    92 | D        | Entered arena 3.
    92 | D        | Noticed a centaur
    92 | D        | Noticed a centaur
    92 | D        | Noticed a yaktaur
    92 | D        | Found a transporter.
    95 | D        | Killed a centaur
    95 | D        | Reached skill level 5 in Fighting
    95 | D        | Reached skill level 5 in Axes
    95 | D        | Reached skill level 5 in Armour
    95 | D        | Reached XP level 4. HP: 34/39 MP: 4/6
    96 | D        | Killed a centaur
    96 | D        | Reached skill level 5 in Dodging
    96 | D        | Gained mutation: You have a pair of small antennae on your
                  | head. [demonic ancestry]
    96 | D        | Reached XP level 5. HP: 38/44 MP: 4/8
    99 | D        | Killed a yaktaur
    99 | D        | Reached skill level 5 in Evocations
    99 | D        | Gained mutation: You have a pair of antennae on your head.
                  | [demonic ancestry]
    99 | D        | Reached XP level 6. HP: 37/53 MP: 3/10
   184 | D        | Entered arena 4.
   184 | D        | Noticed a porcupine
   184 | D        | Noticed a porcupine
   184 | D        | Found a transporter.
   188 | D        | Killed a porcupine
   188 | D        | Reached XP level 7. HP: 44/59 MP: 7/11
   199 | D        | Got the +5 battleaxe of Xiahiko {chop, Str+4}
   305 | D        | Entered arena 5.
   305 | D        | Noticed a merfolk
   305 | D        | Noticed a merfolk
   305 | D        | Noticed a merfolk
   305 | D        | Noticed a merfolk
   305 | D        | Found a transporter.
   313 | D        | Killed a merfolk
   322 | D        | Killed a merfolk
   322 | D        | Gained mutation: You regenerate a little health from kills.
                  | [demonic ancestry]
   322 | D        | Reached XP level 8. HP: 37/67 MP: 1/13
   323 | D        | Killed a merfolk
   323 | D        | Killed a merfolk
   348 | D        | Gained mutation: You cannot read scrolls while threatened.
                  | [Ru sacrifice]
   348 | D        | Reached ** piety under Ru
   348 | D        | Reached *** piety under Ru
   451 | D        | Entered arena 6.
   451 | D        | Found a transporter.
   458 | D        | Reached skill level 10 in Axes
   470 | D        | Entered arena 7.
   471 | D        | Found a transporter.
   479 | D        | Reached skill level 10 in Armour
   479 | D        | Gained mutation: You are mostly covered in sharp spines.
                  | [demonic ancestry]
   479 | D        | Reached XP level 9. HP: 72/75 MP: 12/14
   484 | D        | Got the Reference Book on the Rocks and Benedictions
   495 | D        | Entered arena 8.
   495 | D        | Noticed a merfolk
   495 | D        | Noticed a merfolk
   495 | D        | Noticed a merfolk
   495 | D        | Noticed a merfolk
   495 | D        | Noticed a cyclops
   496 | D        | Gained mutation: Your casting is slightly disrupted. [Ru
                  | sacrifice]
   499 | D        | Killed a merfolk
   500 | D        | Found a transporter.
   506 | D        | Killed a cyclops
   512 | D        | Killed a merfolk
   513 | D        | Killed a merfolk
   518 | D        | Killed a merfolk
   706 | D        | Entered arena 9.
   707 | D        | Found the +10 Black Knight's horse barding {ponderous,
                  | rPois rN+}
   709 | D        | Found a transporter.
   721 | D        | Gained mutation: You cannot study or cast Fire magic. [Ru
                  | sacrifice]
   721 | D        | Gained mutation: You cannot study or cast Hexes magic. [Ru
                  | sacrifice]
   721 | D        | Gained mutation: You cannot study or cast Translocations
                  | magic. [Ru sacrifice]
   721 | D        | Reached **** piety under Ru
   761 | D        | Entered arena 10.
   764 | D        | Gained mutation: Your movements are slightly less
                  | encumbered by armour. (ER -2) [demonic ancestry]
   764 | D        | Reached XP level 10. HP: 83/83 MP: 16/16
   767 | D        | Found a transporter.
   789 | D        | Got Sif Muna's Guide on Lucky Battle Magic
   791 | D        | Got the ring of Huemein {+Inv MR++ Int+3}
   794 | D        | Got the +4 battleaxe of Awkwardness {protect, +Fly rElec
                  | MR+ Dex-4}
   807 | D        | Entered arena 11.
   807 | D        | Noticed Sigmund
   807 | D        | Noticed Jessica
   807 | D        | Noticed Blork the orc
   807 | D        | Noticed Crazy Yiuf
   807 | D        | Noticed Dowan
   807 | D        | Noticed Duvessa
   807 | D        | Noticed Edmund
   807 | D        | Noticed Erica
   807 | D        | Noticed Erolcha
   816 | D        | Killed Erolcha
   816 | D        | Reached skill level 10 in Fighting
   816 | D        | Killed Duvessa
   820 | D        | Killed Crazy Yiuf
   821 | D        | Gained mutation: You cannot be stealthy. [Ru sacrifice]
   821 | D        | Reached ***** piety under Ru
   823 | D        | Killed Blork the orc
   825 | D        | Killed Edmund
   826 | D        | Killed Dowan
   826 | D        | Killed Jessica
   827 | D        | Found a transporter.
   830 | D        | Killed Sigmund
   838 | D        | Killed Erica
   843 | D        | Got the +2 leather armour of Tartarus {rElec rC+++ Int-2
                  | Slay+2}
   847 | D        | Got the Reference Book on Boosting Darkness
   855 | D        | Entered arena 12.
   855 | D        | Noticed an iron golem
   855 | D        | Noticed an iron golem
   855 | D        | Noticed an iron golem
   855 | D        | Noticed a stone giant
   855 | D        | Noticed an iron golem
   855 | D        | Noticed a stone giant
   857 | D        | Noticed an iron golem
   857 | D        | Noticed a stone giant
   857 | D        | Noticed an iron golem
   858 | D        | Found a transporter.
   864 | D        | HP: 4/86 [iron golem (10)]
   864 | D        | Hit by a large rock thrown by a stone giant

Skill      XL: |  1  2  3  4  5  6  7  8  9 10 |
---------------+-------------------------------+-----
Fighting       | 4 5 6 7 8 9 10 | 10.4
Axes           | 4 5 6 7 8 9 10 11 12 | 12.8
Armour         | 3 4 5 7 8 10 11 12 | 12.5
Dodging        | 3 4 5 6 7 8 9 |  9.6
Evocations     | 2 3 4 5 6 7 9 |  9.9
Stealth        | 0 |  0.0
Invocations    | |  2.6

Action                   |  1- 3 |  4- 6 |  7- 9 | 10-12 || total
-------------------------+-------+-------+-------+-------++-------
Melee: Executioner's axe |     8 |     6 |    49 |    28 ||    91
Invok: Sacrifice Love    |     1 |       |       |       ||     1
       Sacrifice Words   |       |       |     1 |       ||     1
       Sacrifice Essence |       |       |     1 |       ||     1
       Sacrifice Arcana  |       |       |     1 |       ||     1
       Sacrifice Stealth |       |       |       |     1 ||     1
Evoke: Wand              |       |       |     5 |     4 ||     9
  Use: Potion            |     1 |       |     8 |     3 ||    12
       Scroll            |       |       |     4 |       ||     4
 Stab: Distracted        |       |       |     1 |       ||     1
Armor: Shadow dragon sca |     7 |     3 |    54 |    29 ||    93
Dodge: Dodged            |     6 |     6 |    66 |    42 ||   120
